 Dungeon Crawl Stone Soup version 0.18.1-50-g88ac8fd (webtiles) character file.

242 HeyBub the Ruffian (level 5, -3/47 HPs)
             Began as a Minotaur Monk on Sept 23, 2016.
             Killed from afar by HeyBub's ghost (10 damage)
             ... with a flame tongue
             ... on level 4 of the Dungeon.
             The game lasted 00:07:45 (3062 turns).

HeyBub the Ruffian (Minotaur Monk)                  Turns: 3062, Time: 00:07:46

Health: -3/47      AC:  2    Str: 17    XL:     5   Next: 82%
Magic:  4/4        EV: 13    Int:  7    God:
Gold:   156        SH:  0    Dex: 12    Spells: 0 memorised, 4 levels left

rFire  . . .     SeeInvis .       - Unarmed
rCold  . . .     Gourm    .     a - +0 robe
rNeg   . . .     Faith    .     (no shield)
rPois  .         Spirit   .     (helmet restricted)
rElec  .         Dismiss  .     (no cloak)
rCorr  .         Reflect  .     (no gloves)
SustAt .         Harm     .     (no boots)
MR     .....                    (no amulet)
Stlth  ++........               (no ring)
                                (no ring)

@: about to teleport, not resistant to hostile enchantments, unstealthy
A: retaliatory headbutt, horns 2
a: no special abilities


You were on level 4 of the Dungeon.
You were not hungry.

You visited 1 branch of the dungeon, and saw 4 of its levels.

You collected 156 gold pieces.

Inventory:

Armour
 a - a +0 robe (worn)
Jewellery
 f - an uncursed ring of poison resistance {unknown}
Scrolls
 j - 2 scrolls of remove curse
 k - 3 scrolls of identify
 m - a scroll of enchant armour
 p - 2 scrolls of amnesia
Potions
 c - a potion of brilliance
 g - a potion of magic
 h - a potion of might
Comestibles
 b - 2 bread rations
 d - a royal jelly
 i - a meat ration


   Skills:
 + Level 4.6 Fighting
 + Level 4.4 Dodging
 * Level 3.8 Stealth
 + Level 5.1 Unarmed Combat


You had 4 spell levels left.
You didn't know any spells.

Dungeon Overview and Level Annotations

Branches:
Dungeon (4/15)
 Temple: D:4-7

Altars:
Fedhas
Kikubaaqudgha
Nemelex Xobeh
Xom

Annotations:
D:4 HeyBub's ghost, amateur FeWn


Innate Abilities, Weirdness & Mutations

You reflexively headbutt those who attack you in melee.
You have a pair of horns on your head.


Message History

Found 9 gold pieces.
You see here 24 sling bullets.
HeyBub's ghost stares at you. HeyBub's ghost hits you.
HeyBub's ghost stares at you and mumbles some strange words.
The flame tongue misses you. HeyBub's ghost casts a spell at you.
The flame tongue hits you!
* * * LOW HITPOINT WARNING * * *
HeyBub's ghost casts a spell at you. The flame tongue misses you.
You feel better. HeyBub's ghost casts a spell at you.
The flame tongue hits you!
* * * LOW HITPOINT WARNING * * *
As you read the scroll of teleportation, it crumbles to dust.
You feel strangely unstable.
HeyBub's ghost stares at you and mumbles some strange words.
The flame tongue hits you!
You die...

################
#...@[.........#
########.W.#######....#
#.$........###<###....#
#..........)÷.÷..#....#
#................#....#
#.......(........#....######
#######..........'..........
####.#..[..#........#.
#.#.#...###..#.#.#.


You could see HeyBub's ghost.

Vanquished Creatures
  2 jellies (D:3)
  An orc priest (D:4)
  2 orc wizards (D:4)
  A gnoll (D:1)
  2 adders
  An ooze (D:3)
  A worm (D:3)
  2 dart slugs
  4 giant geckos
  2 orcs
  2 ball pythons
  5 giant cockroaches
  8 goblins
  8 hobgoblins
  9 kobolds
  A quokka (D:2)
  A sheep (D:3)
  3 bats
  5 giant newts
  3 rats
63 creatures vanquished.

Notes
Turn   | Place    | Note
--------------------------------------------------------------
     0 | D:1      | HeyBub the Minotaur Monk began the quest for the Orb.
     0 | D:1      | Reached XP level 1. HP: 19/19 MP: 0/0
   169 | D:1      | Reached XP level 2. HP: 27/27 MP: 1/1
   970 | D:1      | Reached XP level 3. HP: 31/33 MP: 2/2
  1142 | D:2      | Found an ancient bone altar of Kikubaaqudgha.
  1542 | D:2      | Found a blossoming altar of Fedhas.
  1729 | D:3      | Found a sparkling altar of Nemelex Xobeh.
  1756 | D:3      | Reached XP level 4. HP: 30/40 MP: 3/3
  1956 | D:3      | Found a shimmering altar of Xom.
  1965 | D:3      | Reached skill level 5 in Unarmed Combat
  2044 | D:3      | Reached XP level 5. HP: 39/47 MP: 4/4
  2759 | D:4      | Noticed HeyBub's ghost (amateur FeWn)
  3062 | D:4      | Killed from afar by HeyBub's ghost

Skill      XL: |  1  2  3  4 |
---------------+-------------+-----
Fighting       | 4 |  4.6
Stealth        | 2 3 |  3.8
Dodging        | 4 |  4.4
Unarmed Combat | 5 |  5.1

Action                   |  1- 3 |  4- 6 || total
-------------------------+-------+-------++-------
Melee: Unarmed           |    66 |    46 ||   112
       Headbutt          |    16 |     8 ||    24
       Punch             |       |     2 ||     2
  Use: Scroll            |    11 |     3 ||    14
       Potion            |       |     1 ||     1
 Stab: Sleeping          |     7 |     3 ||    10
       Distracted        |     1 |       ||     1
  Eat: Fruit             |     3 |       ||     3
       Bread ration      |       |     1 ||     1
       Beef jerky        |       |     1 ||     1
Armor: Ring mail         |    10 |       ||    10
       Robe              |     4 |     7 ||    11
Dodge: Dodged            |    58 |    25 ||    83
